 Dungeon Crawl Stone Soup version 0.26-b1-57-gb162d0664a (webtiles) character file.

Game seed: 6612046765715021462

3769 4FPSwarrior the Skirmisher (level 9, 0/75 HPs)
             Began as a Demigod Fighter on Jan 7, 2021.
             Blown up by an eye of devastation (shapeshifter) (15 damage)
             ... with a bolt of energy
             ... on level 7 of the Dungeon on Jan 8, 2021.
             The game lasted 00:27:36 (8007 turns).

4FPSwarrior the Skirmisher (Demigod Fighter)        Turns: 8007, Time: 00:27:39

Health: 0/75       AC:  9    Str: 21    XL:     9   Next: 63%
Magic:  13/13      EV: 12    Int: 12    God:
Gold:   389        SH: 16    Dex: 19    Spells: 6/10 levels left

rFire    + + .     SeeInvis .   I - +2 war axe (vorpal)
rCold    . . .     Faith    .   c - +0 kite shield
rNeg     . . .     Spirit   .   O - +0 acid dragon scales
rPois    .         Reflect  +   N - +0 helmet
rElec    .         Harm     .   x - +0 cloak
rCorr    +         Rampage  .   (no gloves)
Will     .....                  (no boots)
Stlth    +.........             L - amulet of reflection
HPRegen  0.22/turn              m - ring of protection from fire
MPRegen  0.13/turn              Q - ring of protection from fire

@: no status effects
A: high mp 1
a: no special abilities


You were on level 7 of the Dungeon.
You visited 1 branch of the dungeon, and saw 8 of its levels.
You also visited: Sewer.

You collected 497 gold pieces.
You spent 108 gold pieces at shops.

Inventory:

Hand Weapons
 a - a +0 long sword
 d - a +2 great sword
 k - a +2 morningstar
 I - a +2 vorpal war axe (weapon)
 P - a +3 spear of flaming
Missiles
 q - 6 boomerangs (quivered)
 H - a throwing net
Armour
 c - a +0 kite shield (worn)
 w - the +6 plate armour of Ynilium {Harm Int+2}
   (You found it on level 4 of the Dungeon)

   It affects your intelligence (+2).
   It increases damage dealt and taken.
 x - a +0 cloak (worn)
 N - a +0 helmet (worn)
 O - +0 acid dragon scales (worn)
Jewellery
 m - a ring of protection from fire (left hand)
 n - an uncursed ring of fire
 C - an uncursed ring of flight
 K - an uncursed ring of willpower
 L - an amulet of reflection (around neck)
 M - an uncursed amulet of magic regeneration
 Q - a ring of protection from fire (right hand)
Wands
 B - a wand of flame (22)
 G - a wand of enslavement (9)
 J - a wand of digging (6)
Scrolls
 f - 2 scrolls of enchant armour
 g - a scroll of random uselessness
 h - 2 scrolls of remove curse
 i - 5 scrolls of fear
 j - 2 scrolls of magic mapping
 l - 7 scrolls of identify
 p - a scroll of immolation {unknown}
 r - a scroll of fog {unknown}
 s - 2 scrolls of amnesia
 y - 2 scrolls of enchant weapon {unknown}
 A - a scroll of blinking {unknown}
 F - a scroll of teleportation
Potions
 b - a potion of brilliance {unknown}
 e - 4 potions of flight
 o - a potion of lignification
 t - 3 potions of haste
 u - 2 potions of magic
 v - 3 potions of curing
 z - a potion of ambrosia {unknown}
 D - a potion of heal wounds
 E - a potion of attraction


   Skills:
 + Level 6.2 Fighting
 - Level 4.5 Long Blades
 - Level 2.7(2.9) Axes
 + Level 1.1(2.1) Polearms
 + Level 3.8 Throwing
 + Level 4.9 Armour
 + Level 3.8 Dodging
 + Level 6.2 Shields
 + Level 1.0 Spellcasting
 * Level 1.8 Summonings
 + Level 1.1 Ice Magic
 + Level 4.0 Evocations


You had 6 spell levels left.
You knew the following spells:

 Your Spells              Type           Power        Failure   Level
a - Summon Ice Beast      Ice/Summ       4%           99%         4

Your spell library contained the following spells:

 Spells                   Type           Power        Failure   Level
 Summon Small Mammal      Summ           20%          50%         1
 Call Imp                 Summ           5%           63%         2
 Call Canine Familiar     Summ           5%           86%         3
 Summon Guardian Golem    Hex/Summ       2%           94%         3
 Summon Lightning Spire   Summ/Air       2%           100%        4


Dungeon Overview and Level Annotations

Branches:
Dungeon (8/15)             Temple (0/1) D:7           Sewer (visited)
   Lair: D:8-11

Shops:
D:4 *

Annotations:
D:7 exclusion: door, Prince Ribbit


Innate Abilities, Weirdness & Mutations

You have an increased reservoir of magic. (+10% MP)


Message History

The eye of devastation turns its gaze towards you.
There is a stone staircase leading up here.
You hit the eye of devastation but do no damage.
You hit the eye of devastation.
The eye of devastation is lightly wounded.
The eye of devastation gazes at you. The bolt of energy hits you!!
Evoke which item? (* to show all) (? for menu, Esc to quit)
Okay, then.
You climb upwards.
Level annotation: exclusion: door, Prince Ribbit
There is a stone staircase leading down here.
You barely miss the eye of devastation.
The eye of devastation is lightly wounded.
The eye of devastation gazes at you. The bolt of energy hits you!!
* * * LOW HITPOINT WARNING * * *
The eye of devastation gazes at you. The bolt of energy hits you!
You die...

#.#...####.........#
###.##.##
##.......##
#.......# ##.....##
#.#.###.# ##...##
#.#...#.# ##'##
#.###.#.# #.# #.#
#.#.# #.# #<###†#.#
##.## #....@G.#
##...## #####.###
#.....### #...####
#........ #......#
#.#.#####
#...##.####.#.#....
######......)....##
######........
###.##### #.#


You could see an eye of devastation.

Vanquished Creatures
  Maggie (D:7)
  A wraith (D:7)
  2 orc warriors
  4 ice beasts
  2 eyes of draining (D:4)
  A phantom (D:8)
  3 black bears
  2 centaurs
  3 ogres
  A big kobold (Sewer)
  5 bullfrogs
  A gnoll sergeant (D:7)
  A wyvern zombie (D:7)
  A water moccasin skeleton (D:8)
  A scorpion (D:7)
  5 wights
  3 howler monkeys (D:7)
  A bullfrog zombie (D:7)
  2 hounds
  2 centaur skeletons
  3 orc priests
  A bullfrog skeleton (D:4)
  An iguana (D:8)
  5 orc wizards
  4 worker ants
  2 hound skeletons
  8 gnolls
  7 adders
  4 river rats (D:5)
  A shadow imp (D:6)
  3 white imps
  2 ufetubi
  2 oozes
  An adder skeleton (D:8)
  7 worms
  3 dart slugs
  6 leopard geckos
  26 orcs
  A ball python (D:7)
  9 bats
  5 giant cockroaches
  7 goblins
  3 hobgoblins
  8 jackals
  5 quokkas
  5 frilled lizards
  A jackal skeleton (D:4)
  10 kobolds
  A quokka skeleton (D:8)
  11 rats
194 creatures vanquished.

Vanquished Creatures (others)
  2 plants (D:4)
2 creatures vanquished.

Grand Total: 196 creatures vanquished

Notes
Turn   | Place    | Note
-------+----------+-------------------------------------------
     0 | D:1      | 4FPSwarrior the Demigod Fighter began the quest for the
                  | Orb.
     0 | D:1      | Reached XP level 1. HP: 18/18 MP: 3/3
    67 | D:1      | Found a shimmering altar of Xom.
   230 | D:1      | Reached XP level 2. HP: 25/25 MP: 4/4
   726 | D:2      | Reached XP level 3. HP: 27/31 MP: 5/5
   960 | D:2      | Found a shimmering blue altar of Sif Muna.
  1840 | D:3      | Found an iron altar of Okawaru.
  1858 | D:3      | Found an opulent altar of Gozag.
  1868 | D:3      | Reached XP level 4. HP: 37/38 MP: 6/6
  2066 | D:3      | Found a sparkling altar of Nemelex Xobeh.
  2679 | D:4      | Got a heavily runed plate armour
  2690 | D:4      | Identified the +6 plate armour of Ynilium {Harm Int+2} (You
                  | found it on level 4 of the Dungeon)
  2708 | D:4      | Found a radiant altar of Vehumet.
  2813 | D:4      | Reached XP level 5. HP: 37/46 MP: 7/7
  2876 | D:4      | Found Inylutt's Assorted Antiques.
  2898 | D:4      | Bought a scroll labelled ETUUWU FOFERPHUCU for 27 gold
                  | pieces
  2898 | D:4      | Bought a scroll labelled VIVVAH RIONUYRPH for 27 gold
                  | pieces
  2898 | D:4      | Bought a scroll labelled VIVVAH RIONUYRPH for 27 gold
                  | pieces
  2898 | D:4      | Bought a scroll labelled CATIOJ VOKKA for 27 gold pieces
  3046 | D:4      | Noticed an eye of draining
  3047 | D:4      | Found a bloodstained altar of Trog.
  3047 | D:4      | Noticed an eye of draining
  3061 | D:4      | Killed an eye of draining
  3070 | D:4      | Killed an eye of draining
  3071 | D:4      | Reached XP level 6. HP: 52/53 MP: 0/8
  3289 | D:5      | Entered Level 5 of the Dungeon
  3387 | D:5      | Found an ornate altar of the Wu Jian Council.
  3437 | D:5      | Found a glowing drain.
  3442 | Sewer    | Entered a sewer
  3499 | Sewer    | Reached skill level 1 in Evocations
  3499 | Sewer    | Reached XP level 7. HP: 47/60 MP: 9/9
  3582 | Sewer    | Found a glowing silver altar of Zin.
  3724 | D:5      | Reached skill level 1 in Dodging
  3842 | D:5      | Reached skill level 1 in Throwing
  4418 | D:6      | Reached skill level 5 in Fighting
  4418 | D:6      | Reached skill level 5 in Shields
  4606 | D:6      | Found an ancient bone altar of Kikubaaqudgha.
  4824 | D:6      | Reached XP level 8. HP: 68/68 MP: 10/10
  4956 | D:6      | Reached skill level 1 in Axes
  5359 | D:6      | Found a stormy altar of Qazlal.
  6232 | D:7      | Found a basalt altar of Yredelemnul.
  6355 | D:7      | Found a staircase to the Ecumenical Temple.
  6355 | D:7      | Noticed Prince Ribbit
  6541 | D:7      | Noticed Maggie
  6550 | D:7      | Reached XP level 9. HP: 57/75 MP: 11/11
  6631 | D:7      | Upgraded the game from 0.26-b1-52-g61e05abef2 to
                  | 0.26-b1-57-gb162d0664a
  7116 | D:7      | Killed Maggie
  7136 | D:7      | Learned a level 4 spell: Summon Ice Beast
  7370 | D:8      | Reached skill level 1 in Summonings
  7463 | D:8      | Reached skill level 1 in Polearms
  7554 | D:8      | Found an iron altar of Okawaru.
  7582 | D:8      | Reached skill level 1 in Ice Magic
  7701 | D:8      | Noticed a komodo dragon
  7704 | D:8      | Noticed a lindwurm
  7704 | D:8      | a komodo dragon changed into a lindwurm
  7708 | D:8      | Reached skill level 1 in Spellcasting
  7815 | D:8      | Noticed a two-headed ogre
  8002 | D:8      | Noticed an eye of devastation
  8007 | D:7      | Blown up by an eye of devastation (shapeshifter)

Illustrated notes

Levels and vault maps discovered:
D:1:      amcnicky_arrival_double_pillar, layout_basic, xom_teletrap_fun
D:2:      layout_loops_corners, lemuel_crystal_altar, minmay_tetromino_t4
D:3:      layout_loops_ring, lemuel_round_altar, lemuel_round_altar,
          nemelex_xobeh_ov_fountains_minmay
D:4:      layout_cave_pools, vehumet_crystals, trog_eyes_of_draining,
          serial_shops, nicolae_shop_overgrown_old_shop,
          corexii_item_surrounded_by_moat
D:5:      layout_gridville, lemuel_crystal_altar, lightli_sewer_entry_pipes,
          minmay_misc_feat_diagonals
D:6:      hangedman_cross_stitches, layout_cave_pods, kiku_gazebo_pond_becter,
          kennysheep_mini_moat
D:7:      layout_loops_corners, minmay_temple_entry_proselytizer, basic_altar,
          grunt_potential, uniq_prince_ribbit1, uniq_maggie
D:8:      layout_cave_pools, zin_purify, okawaru_ov_weapons_minmay

Skill      XL: |  1  2  3  4  5  6  7  8  9 |
---------------+----------------------------+-----
Long Blades    | 2 3 4 |  4.5
Fighting       | 3 4 5 6 |  6.2
Shields        | 3 4 5 6 |  6.2
Armour         | 3 4 |  4.9
Evocations     | 1 2 3 4 |  4.0
Dodging        | 2 3 |  3.8
Throwing       | 2 3 |  3.8
Axes           | 2 |  2.7
Summonings     | 1 |  1.8
Polearms       | 1 |  1.1
Ice Magic      | 1 |  1.1
Spellcasting   | 1 |  1.0

Action                   |  1- 3 |  4- 6 |  7- 9 || total
-------------------------+-------+-------+-------++-------
Melee: Long sword        |   162 |   173 |   136 ||   471
       War axe           |       |       |   235 ||   235
Throw: Boomerang         |       |     4 |    21 ||    25
Evoke: Wand              |       |     3 |       ||     3
  Use: Scroll            |       |     2 |    15 ||    17
       Potion            |       |       |     3 ||     3
Armor: Scale mail        |    73 |    33 |       ||   106
       Plate armour      |       |    88 |   232 ||   320
       Acid dragon scale |       |       |    26 ||    26
Dodge: Dodged            |    47 |    36 |    92 ||   175
Block: Kite shield       |    88 |   116 |   306 ||   510
       Rpst.: Long sword |    13 |    11 |     3 ||    27
